 Dungeon Crawl Stone Soup version 0.18-a0-1683-gf9322e6 (webtiles) character file.

197 inmateoo the Ruffian (level 5, -1/44 HPs)
             Began as a Draconian Arcane Marksman on Apr 3, 2016.
             Killed by nerve-wracking pain
             ... invoked by Menkaure
              (13 damage)
             ... on level 6 of the Dungeon.
             The game lasted 00:04:12 (3086 turns).

inmateoo the Ruffian (Draconian Arcane Marksman)    Turns: 3086, Time: 00:04:13

Health: -1/44      AC:  6    Str: 15    XL:     5   Next: 46%
Magic:  6/6        EV: 12    Int: 13    God:
Gold:   127        SH:  0    Dex: 10    Spells: 0 memorised, 6 levels left

rFire  . . .     SeeInvis .       - Unarmed
rCold  . . .     Gourm    .     (armour unavailable)
rNeg   . . .     Faith    .     (no shield)
rPois  .         Spirit   .     (helmet restricted)
rElec  .         Dismiss  .     (no cloak)
rCorr  .         Reflect  .     h - +0 pair of gloves
SustAt .         Harm     .     (no boots)
MR     .....                    (no amulet)
Stlth  +.........               (no ring)
                                r - ring of flight

@: not resistant to hostile enchantments, very unstealthy
A: unfitting armour, cold-blooded, AC +5
a: Evoke Flight


You were on level 6 of the Dungeon.
You were not hungry.

You visited 1 branch of the dungeon, and saw 4 of its levels.

You collected 127 gold pieces.

Inventory:

Hand Weapons
 a - a +0 hunting sling
Missiles
 c - 4 sling bullets
 g - 109 stones (quivered)
Armour
 h - a +0 pair of gloves (worn)
Jewellery
 r - a ring of flight (left hand)
Scrolls
 k - 2 scrolls of enchant armour
 l - a scroll of magic mapping
 p - a scroll of recharging
Potions
 e - a potion of lignification
 f - 2 potions of curing
 i - a potion of ambrosia {unknown}
 j - 2 potions of heal wounds {unknown}
 n - 2 potions of berserk rage {unknown}
Books
 b - a book of Debilitation

   Spells                             Type                      Level
   a - Corona                         Hexes                        1
   b - Slow                           Hexes                        2
   c - Gell's Gravitas                Hexes/Translocation          3
   d - Inner Flame                    Hexes/Fire                   3
   e - Cause Fear                     Hexes                        4
   f - Leda's Liquefaction            Hexes/Earth                  4
Comestibles
 d - 2 bread rations
 m - 3 slices of pizza
 o - a royal jelly


   Skills:
 + Level 2.9 Fighting
 - Level 1.9 Slings
 + Level 3.0 Dodging
 * Level 3.5 Unarmed Combat
 - Level 1.0 Spellcasting
   Level 2.6 Hexes


You had 6 spell levels left.
You didn't know any spells.

Dungeon Overview and Level Annotations

Branches:
Dungeon (3/15)

Altars:
Okawaru

Annotations:
D:6 Gorice's ghost, novice DsMo; Menkaure


Innate Abilities, Weirdness & Mutations

Your plain brown scales are hard (AC +5).
Your body does not fit into most forms of armour.
You are cold-blooded and may be slowed by cold attacks.


Message History

An orc comes into view. It is wielding a whip.
The orc moves out of view.
Menkaure points at you and mumbles some strange words.
Pain shoots through your body!
An orc comes into view. It is wielding a hand axe.
An orc wizard comes into view. It is wielding a dagger.
The orc wizard shouts!
Menkaure calls on the powers of darkness!
Your body is wracked with pain!
The orc wizard points at you and mumbles some strange words.
The magic dart hits you!
* * * LOW HITPOINT WARNING * * *
Your magical contamination has completely faded away.
The orc shouts!
Gorice's ghost closely misses you.
Found a stone staircase leading down.
Unknown command.
Menkaure points at you and mumbles some strange words.
Pain shoots through your body!
You die...

#.......... .#.
#.........######...
#...................
#........##.....#.#
#.......M#.........
#........#.$.......
#.........o.>......
#........W.oo......
#........#.@.......
#........#.>.......
#........#.........
#........##........
#........###.....#.
########## ######


You could see Menkaure, an orc wizard, Gorice's ghost and 2 orcs.

Vanquished Creatures
  A howler monkey (D:2)
  An orc priest (D:3)
  2 adders
  3 gnolls (D:2)
  An adder skeleton (D:3)
  3 worms
  4 dart slugs
  2 giant geckos
  2 orcs (D:3)
  2 giant cockroaches (D:1)
  8 goblins
  5 hobgoblins
  7 kobolds
  A quokka (D:2)
  A ball python (D:3)
  12 bats
  A giant newt (D:2)
  11 rats
67 creatures vanquished.

Notes
Turn   | Place    | Note
--------------------------------------------------------------
     0 | D:1      | inmateoo the Draconian Arcane Marksman began the quest for the Orb.
     0 | D:1      | Reached XP level 1. HP: 16/16 MP: 2/2
   269 | D:1      | Reached XP level 2. HP: 23/23 MP: 3/3
   415 | D:1      | Reached skill level 1 in Unarmed Combat
  1414 | D:2      | Reached XP level 3. HP: 26/28 MP: 4/4
  1543 | D:2      | Found an iron altar of Okawaru.
  2186 | D:2      | Reached XP level 4. HP: 15/36 MP: 5/5
  2664 | D:3      | Reached XP level 5. HP: 42/42 MP: 6/6
  3079 | D:3      | You fall through a shaft for 3 floors!
  3079 | D:6      | Noticed Menkaure
  3079 | D:6      | Noticed Gorice's ghost (novice DsMo)
  3086 | D:6      | Killed from afar by Menkaure

Vault maps used:
D:1:      dpeg_arrival_brainrot, hangedman_decor_peaks_small
D:2:      okawaru_metal_pillars_1_2, minmay_misc_feat_cross
D:6:      nicolae_gozag_cash_rules_everything_around_me, dk_vineyard_2,
          uniq_menkaure, uniq_edmund

Skill      XL: |  1  2  3  4  5 |
---------------+----------------+-----
Dodging        | 2 3 |  3.0
Unarmed Combat | 1 2 3 |  3.5
Fighting       | 2 |  2.9
Slings         | |  1.9
Spellcasting   | |  1.0
Hexes          | |  2.6

Action                   |  1- 3 |  4- 6 || total
-------------------------+-------+-------++-------
Melee: Unarmed           |    70 |   112 ||   182
 Fire: Hunting sling     |   128 |    19 ||   147
  Use: Scroll            |     5 |     4 ||     9
       Potion            |       |     1 ||     1
  Eat: Chunk             |     4 |     3 ||     7
